 Dungeon Crawl Stone Soup version 0.30.1-4-g462c640d31 (webtiles) character file.

Game seed: 1379577175694485203

153 kingsuperguy the Shield-Bearer (level 5, -3/53 HPs)
             Began as a Troll Fighter on Aug 29, 2023.
             Was an Initiate of Gozag.
             Slain by a gnoll
             ... wielding a +0 whip
             ... led by a gnoll bouda
              (7 damage)
             ... on level 5 of the Dungeon.
             The game lasted 00:04:53 (2882 turns).

kingsuperguy the Shield-Bearer (Troll Fighter)      Turns: 2882, Time: 00:04:55

Health: -3/53      AC:  4    Str: 26    XL:     5   Next: 12%
Magic:  4/4        EV: 10    Int:  4    God:    Gozag
Gold:   118        SH:  0    Dex:  9    Spells: 4/4 levels left

rFire   + . .        x - +0 glaive
rCold   . . .        (shield currently unavailable)
rNeg    . . .        b - +0 robe
rPois   .            (helmet restricted)
rElec   .            (no cloak)
rCorr   .            (gloves unavailable)
SInv    .            (boots unavailable)
Will    .....        (no amulet)
Stlth   +            i - ring of protection from fire
HPRegen 1.08/turn    y - +4 ring of slaying
MPRegen 0.09/turn

%: no passive effects
@: mighty, lethally poisoned (-3 -> -3), about to teleport
A: large, unfitting armour, claws 3, regeneration 1, shaggy fur 1, tough skin 1
a: Renounce Religion, Potion Petition, Call Merchant, Bribe Branch


You were on level 5 of the Dungeon.
You worshipped Gozag.
Gozag was aware of your devotion.
You visited 1 branch of the dungeon, and saw 6 of its levels.

You collected 147 gold pieces.
You paid 29 gold pieces to Gozag.

Inventory:

Hand Weapons
 a - a +0 flail
 x - a +0 glaive (weapon)
Armour
 b - a +0 robe (worn)
 c - a +0 kite shield
Jewellery
 i - a ring of protection from fire (left claw)
 y - a +4 ring of slaying (right claw)
Wands
 u - a wand of iceblast (9)
Scrolls
 e - 6 scrolls of identify {unknown}
 j - 2 scrolls of enchant armour {unknown}
 m - a scroll of vulnerability {unknown}
 n - a scroll of noise
 p - a scroll of acquirement {unknown}
 r - a scroll of teleportation
 s - 3 scrolls of amnesia {unknown}
 t - a scroll of immolation {unknown}
 A - a scroll of enchant weapon {unknown}
Potions
 f - 2 potions of degeneration {unknown}
 g - 2 potions of invisibility {unknown}
 h - a potion of heal wounds {unknown}
 k - 6 potions of curing {unknown}
 l - 2 potions of brilliance {unknown}
 o - a potion of ambrosia {unknown}
 q - a potion of attraction {unknown}
 v - a potion of resistance {unknown}
 w - a potion of haste {unknown}
 z - a potion of mutation {unknown}


   Skills:
 + Level 3.1 Fighting
 - Level 2.7 Maces & Flails
 * Level 0.6 Polearms
 + Level 3.2 Dodging
 + Level 3.4 Shields


You had 4 spell levels left.
You didn't know any spells.
Your spell library contained the following spells:

 Spells                   Type           Power      Damage    Failure   Level
 Hailstorm                Conj/Ice       0%         3d3       86%         3
 Ice Form                 Ice/Tmut       0%         N/A       99%         4
 Simulacrum               Ice/Necr       Unusable   N/A       N/A         6

Dungeon Overview and Level Annotations

Branches:
Dungeon (6/15)
 Temple: D:4-7

Altars:
Ashenzari
Gozag

Annotations:
D:6 Grinder


Innate Abilities, Weirdness & Mutations

You are too large for most types of armour.
You have claws for hands.
Your natural rate of healing is unusually fast.
You are covered in fur. (AC +1)
You have tough skin. (AC +1)


Message History

You climb upwards.
Your attacks no longer feel as feeble.
The gnoll barely misses you. The gnoll hits you with a +0 whip.
The gnoll hits you with a +0 flail.
There is a stone staircase leading down, spattered with blood here.
Okay, then.
You feel very mighty all of a sudden. The adder barely misses you.
The gnoll closely misses you. The gnoll hits you with a +0 whip.
The adder bites you but does no damage. The gnoll barely misses you.
You barely miss the adder.
The adder is almost dead.
The adder closely misses you. The gnoll hits you with a +0 whip.
The gnoll hits you with a +0 whip! The gnoll closely misses you.
The adder bites you.
You are poisoned.
The adder poisons you! The gnoll hits you with a +0 whip.
You barely miss the adder.
The adder is almost dead.
You feel sick. The adder barely misses you. The gnoll hits you with a +0 flail!
The gnoll barely misses you. The adder bites you.
* * * LOW HITPOINT WARNING * * *
The gnoll hits you with a +0 flail.
* * * LOW HITPOINT WARNING * * *
The gnoll bouda hits you with a +0 whip.
* * * LOW HITPOINT WARNING * * *
As you read the scroll labelled ERASEUWKUA, it crumbles to dust.
You hear a loud clanging noise!
It was a scroll of noise.
You feel sick. The adder bites you.
* * * LOW HITPOINT WARNING * * *
The gnoll barely misses you. The gnoll completely misses you.
The gnoll bouda hits you with a +0 whip.
* * * LOW HITPOINT WARNING * * *
As you read the scroll labelled HOKKIZXA GANO, it crumbles to dust.
You feel strangely unstable.
It was a scroll of teleportation.
You feel sick. The adder bites you.
* * * LOW HITPOINT WARNING * * *
The gnoll hits you with a +0 whip!
You die...
Your body crumbles into a pile of gold.

#.......... #........
#.....# #.....##..
+........:. #.....##...
#.......#g....## #
#.......#gg....#
#.......#@g....#
#.......#S.....#
#.......#......#
#.......#......#
#.......#......#
####+#.......#......#
#............'......#
#............#......#
###............#.....##


You could see a gnoll bouda, 3 gnolls and an adder.

Vanquished Creatures
  A hound (D:5)
  An orc priest (D:4)
  2 adders
  2 dart slugs
  6 orcs
  4 ball pythons
  9 bats
  6 endoplasms
  A giant cockroach (D:3)
  9 goblins
  3 hobgoblins
  3 jackals (D:1)
  5 kobolds
  2 quokkas
  4 frilled lizards
  A rat (D:2)
59 creatures vanquished.

Notes
Turn   | Place    | Note
-------+----------+-------------------------------------------
     0 | D:1      | kingsuperguy the Troll Fighter began the quest for the Orb.
     0 | D:1      | Reached XP level 1. HP: 22/22 MP: 0/0
   104 | D:1      | Reached XP level 2. HP: 6/29 MP: 1/1
   326 | D:1      | Reached XP level 3. HP: 36/36 MP: 2/2
   935 | D:2      | Found a broken altar of Ashenzari.
  1618 | D:3      | Found an opulent altar of Gozag.
  1667 | D:3      | Noticed an ogre
  2119 | D:4      | Reached XP level 4. HP: 32/44 MP: 3/3
  2179 | D:3      | Became a worshipper of Gozag Ym Sagoz the Greedy
  2728 | D:5      | Entered Level 5 of the Dungeon
  2766 | D:5      | Reached XP level 5. HP: 52/53 MP: 4/4
  2875 | D:6      | Noticed Grinder
  2875 | D:6      | Noticed a centaur
  2882 | D:5      | Slain by a gnoll

Illustrated notes

Levels and vault maps discovered:
D:1:      dpeg_arrival_arbitrary_a, layout_rooms
D:2:      layout_basic, basic_altar, kennysheep_nub
D:3:      layout_loops_ring, nicolae_overflow_hidden_temple
D:4:      layout_gridville
D:5:      layout_gridville, elyvilon_altar_1, minmay_misc_feat_alley
D:6:      layout_rooms, pdpol_wu_jian_five_deadly_venoms,
          lemuel_temple_firewalk_b, portal_sewer_entry_f,
          minmay_strange_pillars, minmay_misc_feat_iff,
          nicolae_elevator_lobby_asterisk, uniq_grinder

Skill      XL: |  1  2  3  4 |
---------------+-------------+-----
Maces & Flails | 2 |  2.7
Shields        | 3 |  3.4
Dodging        | 3 |  3.2
Fighting       | 3 |  3.1
Polearms       | |  0.6

Action                     |  1- 3 |  4- 6 || total
---------------------------+-------+-------++-------
  Melee: Flail             |   142 |    27 ||   169
         Glaive            |       |    28 ||    28
    Use: Scroll            |       |     2 ||     2
         Potion            |       |     1 ||     1
   Stab: Sleeping          |       |     1 ||     1
 Armour: Robe              |    66 |    26 ||    92
  Dodge: Dodged            |    58 |    46 ||   104
  Block: Kite shield       |    62 |    17 ||    79
